General information
- name: BNet
- type: Ladder team game (AT/RT)
- host: Battle.net
- saver: StillSoDamnFly
map: Mur'gulOasis
- players: 8
- length: 56:39
- speed: Fast
- version: 1.26 W3XP
- replay type: Public
» download(252 KB)
Players
team 1 (winner)
facefker (
green | 36 APM | 1372 actions | 37:46)
5 Shadow Hunter
3 Healing Wave
1 Hex
1 Serpent Ward
1 Tauren Chieftain
1 Endurance Aura
» actions
| Assign group hotkey | 44 | |
| Basic commands | 14 | |
| Build / train | 75 | |
| Enter build submenu | 21 | |
| Enter hero's abilities submenu | 6 | |
| Right click | 514 | |
| Select / deselect | 336 | |
| Select group hotkey | 267 | |
| Use ability | 95 | |
1372 total
» units
| Peon | 10 | |
| Grunt | 9 | |
| Troll Headhunter/Berserker | 3 | |
| Troll Batrider | 14 | |
| Raider | 9 | |
| Wind Rider | 1 | |
46 total
» upgrades
| Pillage | 1 | |
| Spiked Barricades | 1 | |
| Berserker Strength | 1 | |
| Troll Regeneration | 1 | |
| Liquid Fire | 1 | |
5 total
» buildings
| Altar of Storms | 1 | |
| Orc Burrow | 10 | |
| Barracks | 1 | |
| Voodoo Lounge | 1 | |
| War Mill | 1 | |
| Stronghold | 1 | |
| Beastiary | 2 | |
| Fortress | 1 | |
| Watch Tower | 5 | |
23 total
» build order
00:06 Altar of Storms
00:08 Orc Burrow
00:27 Barracks
01:36 Orc Burrow
01:54 Voodoo Lounge
04:10 Orc Burrow
04:15 War Mill
05:54 Stronghold
08:16 Orc Burrow
08:17 Orc Burrow
08:17 Orc Burrow
08:21 Beastiary
08:24 Beastiary
11:22 Fortress
13:34 Orc Burrow
13:37 Orc Burrow
15:11 Orc Burrow
16:04 Watch Tower
16:29 Watch Tower
16:56 Orc Burrow
18:58 Watch Tower
19:05 Watch Tower
19:10 Watch Tower
» items
| Healing Salve | 3 | |
| Lesser Clarity Potion | 1 | |
| Scroll of Speed | 3 | |
| Scroll of Town Portal | 5 | |
| Staff of Teleportation | 1 | |
13 total
StillSoDamnFly (
purple | 39 APM | 2201 actions | 56:39)
6 Blademaster
3 Wind Walk
3 Critical Strike
» actions
| Assign group hotkey | 244 | |
| Basic commands | 230 | |
| Build / train | 82 | |
| Enter build submenu | 38 | |
| Enter hero's abilities submenu | 6 | |
| Give item / drop item | 5 | |
| Remove unit from queue | 1 | |
| Right click | 774 | |
| Select / deselect | 366 | |
| Select group hotkey | 272 | |
| Use ability | 183 | |
2201 total
» units
» upgrades
| Armor | 3 | |
| Ranged Weapons | 3 | |
| Berserker Strength | 1 | |
| Reinforced Defenses | 1 | |
8 total
» buildings
| Altar of Storms | 1 | |
| Orc Burrow | 10 | |
| Barracks | 1 | |
| Voodoo Lounge | 1 | |
| Stronghold | 1 | |
| War Mill | 1 | |
| Beastiary | 2 | |
| Watch Tower | 20 | |
| Great Hall | 3 | |
| Fortress | 1 | |
41 total
» build order
00:30 Altar of Storms
00:36 Orc Burrow
01:21 Barracks
01:42 Orc Burrow
02:23 Voodoo Lounge
02:53 Stronghold
03:25 Orc Burrow
04:57 War Mill
06:58 Beastiary
07:00 Beastiary
10:40 Orc Burrow
10:42 Orc Burrow
10:43 Orc Burrow
12:06 Orc Burrow
13:27 Orc Burrow
13:29 Orc Burrow
13:32 Orc Burrow
14:16 Watch Tower
14:17 Watch Tower
15:34 Great Hall
17:53 Watch Tower
17:58 Watch Tower
17:59 Watch Tower
17:59 Watch Tower
18:01 Watch Tower
18:01 Watch Tower
18:44 Fortress
27:18 Great Hall
28:43 Watch Tower
28:44 Watch Tower
28:45 Watch Tower
28:45 Watch Tower
30:14 Watch Tower
30:15 Watch Tower
30:15 Watch Tower
30:16 Watch Tower
30:19 Watch Tower
33:04 Great Hall
40:18 Watch Tower
40:24 Watch Tower
40:25 Watch Tower
» items
| Healing Salve | 6 | |
| Lesser Clarity Potion | 2 | |
| Boots of Speed | 1 | |
| Circlet of Nobility | 1 | |
| Orb of Lightning | 1 | |
| Scroll of Town Portal | 5 | |
| Staff of Teleportation | 1 | |
17 total

»
DankSeeds (
pink | 18 APM | 813 actions | 46:22)
7 Tauren Chieftain
3 Endurance Aura
3 War Stomp
1 Reincarnation
» actions
| Assign group hotkey | 9 | |
| Basic commands | 158 | |
| Build / train | 64 | |
| Enter build submenu | 22 | |
| Enter hero's abilities submenu | 7 | |
| Give item / drop item | 2 | |
| Remove unit from queue | 1 | |
| Right click | 19 | |
| Select / deselect | 329 | |
| Select group hotkey | 135 | |
| Use ability | 67 | |
813 total
» units
| Peon | 13 | |
| Troll Headhunter/Berserker | 13 | |
| Demolisher | 1 | |
| Shaman | 7 | |
34 total
» upgrades
| Ranged Weapons | 2 | |
| Armor | 2 | |
| Berserker Upgrade | 1 | |
| Troll Regeneration | 1 | |
| Shaman Training | 2 | |
| Burning Oil | 1 | |
9 total
» buildings
| Orc Burrow | 7 | |
| Altar of Storms | 1 | |
| Barracks | 2 | |
| War Mill | 2 | |
| Stronghold | 1 | |
| Fortress | 1 | |
| Spirit Lodge | 2 | |
| Voodoo Lounge | 1 | |
| Great Hall | 4 | |
21 total
» build order
00:17 Orc Burrow
00:40 Altar of Storms
01:21 Barracks
01:41 War Mill
01:56 Barracks
02:16 Orc Burrow
03:44 Orc Burrow
05:39 Stronghold
05:46 Orc Burrow
06:59 Orc Burrow
08:40 Fortress
09:48 Spirit Lodge
11:20 War Mill
14:49 Spirit Lodge
16:12 Orc Burrow
16:31 Voodoo Lounge
16:44 Orc Burrow
26:36 Great Hall
34:34 Great Hall
34:51 Great Hall
44:36 Great Hall
» items
| Scroll of Regeneration | 1 | |
| Scroll of Town Portal | 3 | |
| Potion of Healing | 3 | |
| Periapt of Vitality | 1 | |
| Orb of Lightning | 1 | |
| Healing Salve | 2 | |
11 total
stev18 (
teal | 33 APM | 1879 actions | 56:38)
6 Archmage
3 Blizzard
2 Brilliance Aura
1 Mass Teleport
» actions
| Assign group hotkey | 13 | |
| Basic commands | 41 | |
| Build / train | 88 | |
| Enter build submenu | 39 | |
| Enter hero's abilities submenu | 6 | |
| Remove unit from queue | 2 | |
| Right click | 846 | |
| Select / deselect | 401 | |
| Select group hotkey | 299 | |
| Use ability | 143 | |
1879 total
» units
| Peasant | 22 | |
| Gryphon Rider | 5 | |
| Dragonhawk Rider | 6 | |
| Peon | 4 | |
37 total
» upgrades
| Masonry | 3 | |
| Lumber Harvesting | 2 | |
| Storm Hammers | 1 | |
| Cloud | 1 | |
7 total
» buildings
| Altar of Kings | 3 | |
| Farm | 14 | |
| Lumber Mill | 1 | |
| Scout Tower | 32 | |
| Guard Tower | 22 | |
| Arcane Vault | 6 | |
| Keep | 2 | |
| Castle | 1 | |
| Gryphon Aviary | 4 | |
| Town Hall | 2 | |
87 total
» build order
00:22 Altar of Kings
00:27 Farm
00:50 Lumber Mill
01:07 Farm
02:06 Scout Tower
02:10 Scout Tower
02:36 Farm
02:38 Farm
03:02 Guard Tower
03:06 Scout Tower
03:07 Scout Tower
03:34 Arcane Vault
03:37 Guard Tower
03:44 Keep
04:01 Guard Tower
04:04 Scout Tower
04:09 Scout Tower
04:10 Scout Tower
04:13 Scout Tower
04:31 Guard Tower
04:34 Scout Tower
05:05 Guard Tower
05:09 Scout Tower
05:12 Scout Tower
05:17 Guard Tower
05:24 Scout Tower
05:35 Guard Tower
05:49 Guard Tower
06:04 Guard Tower
06:09 Guard Tower
06:21 Arcane Vault
06:31 Scout Tower
06:40 Arcane Vault
06:51 Scout Tower
06:52 Scout Tower
07:25 Scout Tower
07:42 Guard Tower
07:58 Guard Tower
08:11 Arcane Vault
08:16 Castle
09:01 Guard Tower
09:22 Gryphon Aviary
09:24 Gryphon Aviary
09:26 Gryphon Aviary
09:27 Gryphon Aviary
10:46 Arcane Vault
11:59 Scout Tower
12:00 Scout Tower
12:02 Scout Tower
12:56 Guard Tower
12:59 Guard Tower
13:26 Guard Tower
13:29 Arcane Vault
14:51 Farm
14:52 Farm
14:53 Farm
14:54 Farm
16:18 Town Hall
19:02 Scout Tower
19:03 Scout Tower
19:17 Farm
19:18 Farm
19:19 Farm
20:43 Farm
20:44 Farm
20:45 Farm
22:37 Scout Tower
22:38 Scout Tower
22:40 Scout Tower
22:43 Scout Tower
23:08 Guard Tower
23:22 Guard Tower
23:43 Guard Tower
29:01 Altar of Kings
30:51 Town Hall
34:33 Altar of Kings
34:54 Scout Tower
34:56 Scout Tower
35:21 Guard Tower
35:48 Guard Tower
35:54 Scout Tower
35:55 Scout Tower
35:57 Scout Tower
35:58 Scout Tower
35:59 Scout Tower
37:18 Guard Tower
37:24 Keep
» items
| Scroll of Regeneration | 4 | |
| Ivory Tower | 6 | |
| Potion of Healing | 2 | |
12 total
team 2 (loser)
KINGSFIREDCOACH (
orange | 66 APM | 3736 actions | 56:38)
6 Mountain King
3 Storm Bolt
2 Bash
1 Avatar
2 Paladin
1 Holy Light
1 Divine Shield
3 Shadow Hunter
1 Hex
2 Healing Wave
2 Far Seer
1 Chain Lighting
1 Feral Spirit
1 Naga Sea Witch
1 Frost Arrows
» actions
| Assign group hotkey | 61 | |
| Basic commands | 5 | |
| Build / train | 124 | |
| Enter build submenu | 29 | |
| Enter hero's abilities submenu | 15 | |
| Give item / drop item | 4 | |
| Right click | 1696 | |
| Select / deselect | 546 | |
| Select group hotkey | 1103 | |
| Use ability | 153 | |
3736 total
» units
| Peasant | 9 | |
| Footman | 5 | |
| Gryphon Rider | 15 | |
| Troll Headhunter/Berserker | 8 | |
| Peon | 6 | |
| Dryad | 5 | |
| Wisp | 10 | |
| Chimaera | 4 | |
| Shaman | 3 | |
| Glaive Thrower | 3 | |
| Demolisher | 4 | |
72 total
» upgrades
| Masonry | 2 | |
| Lumber Harvesting | 1 | |
| Animal War Training | 1 | |
| Storm Hammers | 1 | |
| Berserker Upgrade | 1 | |
| Shaman Training | 2 | |
| Corrosive Breath | 1 | |
| Reinforced Defenses | 1 | |
10 total
» buildings
| Altar of Kings | 1 | |
| Barracks | 1 | |
| Farm | 13 | |
| Scout Tower | 12 | |
| Arcane Vault | 1 | |
| Arcane Tower | 2 | |
| Keep | 1 | |
| Lumber Mill | 1 | |
| Guard Tower | 12 | |
| Blacksmith | 1 | |
| Castle | 1 | |
| Gryphon Aviary | 2 | |
| Workshop | 1 | |
| Orc Burrow | 3 | |
| Ancient Protector | 7 | |
| Moon Well | 3 | |
| Watch Tower | 10 | |
| Spirit Lodge | 1 | |
73 total
» build order
00:07 Altar of Kings
00:21 Barracks
00:37 Farm
00:52 Farm
01:29 Farm
01:43 Scout Tower
02:07 Arcane Vault
02:28 Arcane Tower
02:28 Arcane Tower
03:11 Keep
03:28 Lumber Mill
03:47 Scout Tower
03:48 Scout Tower
04:19 Scout Tower
04:20 Scout Tower
04:37 Guard Tower
04:37 Guard Tower
04:45 Blacksmith
04:49 Scout Tower
04:50 Scout Tower
05:08 Guard Tower
05:49 Guard Tower
05:57 Farm
05:58 Farm
06:55 Castle
07:02 Guard Tower
07:20 Gryphon Aviary
08:10 Gryphon Aviary
08:15 Farm
08:15 Farm
08:15 Farm
08:17 Farm
16:04 Farm
16:05 Farm
17:25 Scout Tower
17:25 Scout Tower
18:14 Guard Tower
18:14 Guard Tower
18:22 Scout Tower
18:22 Scout Tower
18:39 Guard Tower
20:23 Guard Tower
20:35 Workshop
26:00 Orc Burrow
26:01 Orc Burrow
26:01 Orc Burrow
30:59 Ancient Protector
31:00 Ancient Protector
31:00 Ancient Protector
31:02 Ancient Protector
31:02 Ancient Protector
31:02 Ancient Protector
31:03 Ancient Protector
31:34 Moon Well
31:37 Moon Well
31:38 Moon Well
32:28 Watch Tower
32:29 Watch Tower
32:29 Watch Tower
32:29 Watch Tower
33:39 Watch Tower
33:39 Watch Tower
33:41 Watch Tower
33:43 Watch Tower
34:38 Watch Tower
34:38 Watch Tower
36:16 Spirit Lodge
» items
| Scroll of Regeneration | 2 | |
| Staff of Teleportation | 1 | |
| Healing Salve | 1 | |
| Lesser Clarity Potion | 1 | |
| Orb of Lightning | 1 | |
| Scroll of Town Portal | 1 | |
| Potion of Lesser Invulnerability | 1 | |
8 total

»
B3h3m0th (
red | 42 APM | 404 actions | 09:39)
1 Dreadlord
1 Vampiric Aura
» actions
| Assign group hotkey | 8 | |
| Basic commands | 7 | |
| Build / train | 21 | |
| ESC pressed | 3 | |
| Enter build submenu | 13 | |
| Enter hero's abilities submenu | 1 | |
| Right click | 175 | |
| Select / deselect | 120 | |
| Select group hotkey | 37 | |
| Use ability | 19 | |
404 total
» units
» buildings
| Crypt | 1 | |
| Ziggurat | 7 | |
| Altar of Darkness | 1 | |
| Halls of the Dead | 1 | |
| Graveyard | 1 | |
| Nerubian Tower | 1 | |
| Black Citadel | 1 | |
| Spirit Tower | 1 | |
| Slaughterhouse | 2 | |
16 total
» build order
00:10 Crypt
00:13 Ziggurat
00:48 Altar of Darkness
01:09 Ziggurat
02:04 Ziggurat
02:12 Ziggurat
03:47 Halls of the Dead
05:32 Graveyard
05:48 Nerubian Tower
05:53 Ziggurat
05:59 Ziggurat
06:25 Ziggurat
06:30 Black Citadel
07:23 Spirit Tower
08:44 Slaughterhouse
09:17 Slaughterhouse
beetlenuts (
yellow | 161 APM | 1669 actions | 10:22)
3 Far Seer
2 Feral Spirit
1 Chain Lighting
» actions
| Assign group hotkey | 217 | |
| Basic commands | 3 | |
| Build / train | 31 | |
| Enter build submenu | 11 | |
| Enter hero's abilities submenu | 3 | |
| Remove unit from queue | 1 | |
| Right click | 841 | |
| Select / deselect | 174 | |
| Select group hotkey | 335 | |
| Use ability | 53 | |
1669 total
» units
» upgrades
» buildings
| Altar of Storms | 1 | |
| Orc Burrow | 4 | |
| Barracks | 2 | |
| Voodoo Lounge | 1 | |
| Stronghold | 1 | |
| War Mill | 1 | |
| Fortress | 1 | |
| Spirit Lodge | 2 | |
13 total
» build order
00:09 Altar of Storms
00:21 Orc Burrow
00:36 Barracks
01:30 Orc Burrow
01:51 Voodoo Lounge
03:27 Stronghold
04:01 Orc Burrow
05:49 War Mill
05:56 Barracks
07:16 Fortress
08:14 Orc Burrow
08:22 Spirit Lodge
08:25 Spirit Lodge
» items
| Healing Salve | 2 | |
| Potion of Healing | 2 | |
| Scroll of Speed | 1 | |
5 total
tomy_645 (
blue | 21 APM | 645 actions | 30:54)
4 Keeper of the Grove
2 Force of Nature
2 Entangling Roots
1 Naga Sea Witch
1 Forked Lightning
» actions
| Build / train | 64 | |
| Enter build submenu | 22 | |
| Enter hero's abilities submenu | 4 | |
| Right click | 341 | |
| Select / deselect | 191 | |
| Use ability | 23 | |
645 total
» units
| Wisp | 8 | |
| Archer | 3 | |
| Dryad | 17 | |
| Crypt Fiend | 5 | |
| Glaive Thrower | 9 | |
| Troll Witch Doctor | 4 | |
| Shaman | 1 | |
| Chimaera | 5 | |
52 total
» upgrades
| Abolish Magic | 1 | |
| Strength of the Wild | 1 | |
| Reinforced Hides | 1 | |
3 total
» buildings
| Moon Well | 4 | |
| Ancient of War | 1 | |
| Altar of Elders | 1 | |
| Ancient of Wonders | 1 | |
| Hunter's Hall | 1 | |
| Tree of Ages | 1 | |
| Ancient of Lore | 1 | |
| Ancient of Wind | 1 | |
| Ancient Protector | 1 | |
| Tree of Eternity | 1 | |
| Chimaera Roost | 2 | |
15 total
» build order
00:10 Moon Well
00:53 Ancient of War
01:12 Altar of Elders
01:39 Ancient of Wonders
02:42 Moon Well
03:16 Hunter's Hall
04:30 Tree of Ages
06:55 Ancient of Lore
07:56 Ancient of Wind
09:41 Ancient Protector
14:45 Moon Well
16:34 Moon Well
18:22 Tree of Eternity
24:33 Chimaera Roost
30:29 Chimaera Roost
Chat log
(00:14 / All) KINGSFIREDCOACH: HEIL HITLER
(00:20 / Allies) facefker: long as i don't lag out games over
(00:40 / Allies) facefker: enjoy the ride boyz
(00:54 / All) DankSeeds: oj a tk
(01:25 / All) StillSoDamnFly: WATCH ME JIMMER
(01:30 / Allies) facefker: rush
(01:50 / Allies) facefker: got it fuckers
(01:53 / Allies) StillSoDamnFly: Rushing is too risky, let's creep a little bit
(02:00 / Allies) stev18: rush
(03:54 / Allies) stev18: RUSH
(04:16 / All) B3h3m0th: NOOB
(04:42 / Allies) facefker: press on
(08:51 / Allies) StillSoDamnFly: hELOP
(10:20 / Allies) stev18: red left lets kill him
(11:32 / All) StillSoDamnFly: I got like 15 apm plus I'm eating lawl
(12:48 / Allies) facefker: help?
(17:16 / Allies) facefker: for real?
(17:39 / Allies) StillSoDamnFly: wood please
(17:55 / Allies) stev18: green get some damn units
(17:58 / Allies) stev18: bats dont count
(18:14 / Allies) StillSoDamnFly: wood please guys
(18:20 / Allies) facefker: hes massing gryphs
(18:26 / Allies) stev18: i have hawks
(18:30 / Allies) StillSoDamnFly: thanks man, you won't regret it
(19:33 / Allies) facefker: wtf purp
(19:48 / Allies) StillSoDamnFly: you're an ass
(20:00 / Allies) facefker: hows that?
(20:05 / Allies) StillSoDamnFly: You insulted my mother
(20:19 / Allies) facefker: i haven't said a thing about ur whore of a mother
(20:26 / Allies) DankSeeds: lol
(20:37 / Allies) facefker: u fucking idiot
(20:52 / Allies) StillSoDamnFly: don't you talk about my mama
(21:54 / Allies) stev18: wtf
(22:06 / Allies) stev18: purple why did u kill me?
(22:30 / Allies) stev18: wtf?
(22:34 / Allies) facefker: hes an idiot
(25:34 / Allies) StillSoDamnFly: you started this punk
(25:38 / Allies) facefker: lets end him then the game this is ridiculus
(25:39 / Allies) stev18: how?
(25:41 / Allies) facefker: who u idiot
(25:45 / Allies) StillSoDamnFly: green started it
(25:55 / Allies) facefker: nobody did anything lol u attacked teal abd me1
(26:40 / Allies) facefker: lets just win this game plz
(26:48 / Allies) StillSoDamnFly: apologize
(27:01 / Allies) facefker: for what? plz recall what i did or said lol
(27:10 / Allies) StillSoDamnFly: it's not funn
(27:12 / Allies) StillSoDamnFly: funny
(27:19 / Allies) facefker: lmao what did i say
(27:28 / Allies) StillSoDamnFly: you know what I said
(27:31 / Allies) StillSoDamnFly: what you said
(27:38 / Allies) facefker: lol ur an idiot
(27:43 / Allies) StillSoDamnFly: see
(27:44 / All) stev18: wtf
(27:46 / Allies) StillSoDamnFly: you keep insulting me
(27:49 / All) stev18: this is bullshit
(28:04 / Allies) facefker: i know i'm sorry teal i'm as rattle as u
(28:19 / Allies) facefker: can u tell me what I said teal? :s
(28:31 / All) StillSoDamnFly: IT DOESN'T BEAR REPEATING
(28:33 / All) stev18: pink is creeping
(28:38 / All) StillSoDamnFly: IT'S WAS UNGENTLEMANLIKE
(28:45 / All) stev18: purple is team killing
(30:45 / Allies) DankSeeds: gold please
(30:59 / Allies) DankSeeds: ty
(31:11 / Allies) stev18: purple i dont get it
(31:14 / Allies) facefker: u played well teal sorry we have a tard on our team
(31:51 / Allies) facefker: congrats purp
(31:58 / All) StillSoDamnFly: Apologize
(32:02 / All) stev18: how do u dstill have gold yellow wtf?
(32:04 / Allies) facefker: for what
(32:07 / All) StillSoDamnFly: You shit talk and you will face consequences
(32:17 / Allies) facefker: ur a idiot
(32:54 / Allies) facefker: just get me the win noob cake
(33:14 / Allies) stev18: u called his mom a whore.
(33:19 / Allies) stev18: justy apologoze
(33:39 / Allies) facefker: that was after he killed my units initial for no reason remember
(34:12 / Allies) facefker: why r u creeping pink
(34:18 / Allies) facefker: ur lx 7
(34:23 / Allies) StillSoDamnFly: he needs to get an expo idiot
(34:24 / Allies) facefker: with full inventory
(34:25 / Allies) StillSoDamnFly: leave him alone
(34:38 / Allies) facefker: and that one is?
(35:10 / All) stev18: so why am i gettin killed purple?
(35:24 / Allies) StillSoDamnFly: because I don't like the way you speak to me
(35:32 / Allies) stev18: u faget
(35:39 / Allies) stev18: dont be mad ur mom is a whore
(35:54 / All) facefker: i facefucked her ;)
(36:37 / Allies) facefker: lol we're gonna lose
(36:43 / Allies) stev18: lol i know
(36:49 / Allies) facefker: i'll leave take my hero and win plz numb nuts
(37:00 / Allies) facefker: pink hope u can carry fuckface
(39:17 / Allies) DankSeeds: gold please
(41:09 / All) stev18: wow
(41:15 / All) stev18: u are the biggest fag
(41:19 / All) stev18: what are u like 15?
(41:35 / All) StillSoDamnFly: What did I ever do to you
(41:40 / All) StillSoDamnFly: You talk to me ungentlemanly
(41:51 / Allies) stev18: u killed my shit for no reason
(41:56 / All) StillSoDamnFly: I had a great reason
(42:01 / Allies) stev18: none
(42:08 / All) StillSoDamnFly: Plently
(42:12 / Allies) stev18: i hadnt said a word to u all game before u killed my shit
(42:17 / All) KINGSFIREDCOACH: can u faggots plz leave u lost
(42:20 / All) StillSoDamnFly: That's a falsity
(42:45 / Allies) StillSoDamnFly: Wood please guys
(43:47 / Allies) stev18: purple you peice of shit
(44:05 / Allies) stev18: how does cum taste anyway?
(44:11 / Allies) stev18: mouth is prolly of it
(44:15 / All) StillSoDamnFly: Wouldn't know but I hear it tastes salty
(44:31 / Allies) stev18: im sure u could ask ur mom
(44:49 / All) StillSoDamnFly: I think my father unloaded on her belly
(45:01 / All) StillSoDamnFly: He wasn't mindful enough about his pull backs though
(45:03 / Allies) stev18: and i got her mouth
(45:04 / All) StillSoDamnFly: he had 2 kids with her
(45:18 / Allies) StillSoDamnFly: let's just charge pink
(45:26 / Allies) StillSoDamnFly: All or nothing
(45:52 / Allies) stev18: he tricked u
(46:56 / All) stev18: well im goin to stay and watch purple get destroyed
(47:06 / All) stev18: like im going to destroy his mother
(47:26 / All) stev18: u should kill his expos
(47:41 / All) stev18: dont worry about my empty base
(47:41 / All) StillSoDamnFly: He doesn't need tips from you
(47:46 / All) stev18: go kill purple
(47:53 / All) KINGSFIREDCOACH: i raped u 1v4 teal u have no right to speak
(47:57 / All) KINGSFIREDCOACH: ur a 40% noob
(48:00 / All) stev18: 1 V 4?
(48:05 / All) stev18: ARE YOU KIDDING
(48:10 / All) KINGSFIREDCOACH: 1v4 u got so raped hard
(48:14 / All) stev18: PURPLE WS KILLING US THE WHOLE TIME
(48:19 / All) stev18: AHAHHA
(48:25 / All) KINGSFIREDCOACH: my allies lost and i won,
(48:29 / All) stev18: U CANT COUNT IT AS 1 IF U HAVE 2 ARMIES
(48:51 / All) KINGSFIREDCOACH: teal, stabbing and 4v4 are one in the same, if u cant beat a stabber, its fair game
(50:07 / All) KINGSFIREDCOACH: dumb noob lawl
(50:11 / All) stev18: AHAHAH
(50:14 / All) stev18: w/e
(50:17 / All) stev18: have fun
(51:30 / All) StillSoDamnFly: Pink was amusing
(51:47 / All) StillSoDamnFly: I can't believe he didn't attack me
(52:08 / All) KINGSFIREDCOACH: u sure did wait til the very last second to start
(52:15 / All) StillSoDamnFly: lawl
(52:24 / All) KINGSFIREDCOACH: i should have just hit green when i killed pinks hero
(52:28 / All) StillSoDamnFly: I wasn't paying much attention to be frank
(52:29 / All) KINGSFIREDCOACH: not sure why didint
(52:36 / All) KINGSFIREDCOACH: blue was a fuckign moron had no hero only dryads
(53:26 / All) StillSoDamnFly: I'll finish pink's base then we will charge those towers if you don't kill them already
(53:34 / All) StillSoDamnFly: less than 10
(53:47 / All) StillSoDamnFly: actually had a bit more than 10
(54:34 / All) StillSoDamnFly: I feel like I'm in a dream
(54:42 / All) StillSoDamnFly: My mind is slow, feeling like Obiwun
(54:44 / All) KINGSFIREDCOACH: why
(54:53 / All) StillSoDamnFly: I feel a little out of it
(54:58 / All) KINGSFIREDCOACH: ur just gettign nervous if patriots lose
(55:09 / All) StillSoDamnFly: Lawl they have bye
(55:18 / All) StillSoDamnFly: I hope Broncos beat Steelers though
(55:22 / All) KINGSFIREDCOACH: defense sucks wont matter
(55:23 / All) StillSoDamnFly: I'll be watching that game
(55:30 / All) KINGSFIREDCOACH: ravens face winner of steelers/broncos game
(55:38 / All) StillSoDamnFly: They have the great Julian Edelman playing corner now
(56:05 / All) StillSoDamnFly: Julian Edelman will be greatest cornerback to ever play this game, he is already
(56:18 / All) StillSoDamnFly: GG teal
(56:22 / All) StillSoDamnFly: You tried and you failed
(56:24 / All) KINGSFIREDCOACH: ur a nab teal
(56:30 / All) KINGSFIREDCOACH: felt goood embarassing your pride
(56:35 / All) KINGSFIREDCOACH: your 4v4rt pride